 Dungeon Crawl Stone Soup version 0.30-b1-2-g02819fbbbe (webtiles) character file.

Game seed: 10357645236839526550

74590 Dimez the Severer (level 15, 0/130 HPs)
             Began as a Minotaur Berserker on Aug 18, 2023.
             Was an Elder of Trog.
             Succumbed to barbed spike wounds
             ... on level 14 of the Dungeon.
             The game lasted 01:05:15 (27478 turns).

Dimez the Severer (Minotaur Berserker)             Turns: 27478, Time: 01:05:15

Health: 0/130      AC: 28    Str: 21      XL:     15   Next: 7%
Magic:  0/14       EV: 14    Int:  2 (4)  God:    Trog [****..]
Gold:   1785       SH:  0    Dex: 18      Spells: 14/14 levels left

rFire   + + .        N - +0 battleaxe (freeze)
rCold   . . .        (shield currently unavailable)
rNeg    . . .        T - +4 plate armour {rF+}
rPois   .            K - +1 hat {SInv}
rElec   .            q - +0 cloak
rCorr   .            v - +1 pair of gloves
SInv    +            g - +0 pair of boots
Will    +....        A - amulet of guardian spirit Stlth
                     B - ring of protection from fire
HPRegen 0.41/turn    H - +4 ring of slaying
MPRegen 0.14/turn

%: random rage (3%), guardian spirit
@: spiked, hasted, very quick
A: horns 2, retaliatory headbutt, berserk 1, deterioration 1, no potion heal 1
a: Renounce Religion, Berserk, Trog's Hand, Brothers in Arms


You were on level 14 of the Dungeon.
You worshipped Trog.
Trog was greatly pleased with you.
You visited 4 branches of the dungeon, and saw 23 of its levels.

You collected 2453 gold pieces.
You spent 668 gold pieces at shops.

Inventory:

Hand Weapons
 N - a +0 battleaxe of freezing (weapon)
 S - a +3 battleaxe
 Y - a +5 triple sword of flaming
Missiles
 I - 2 throwing nets (quivered)
Armour
 g - a +0 pair of boots (worn)
 q - a +0 cloak (worn)
 v - a +1 pair of gloves (worn)
 J - +0 ice dragon scales
 K - a +1 hat of see invisible (worn)
 T - a +4 plate armour of fire resistance (worn)
Jewellery
 a - a ring of see invisible
 r - a +4 ring of protection
 A - an amulet of guardian spirit (around neck)
 B - a ring of protection from fire (left hand)
 H - a +4 ring of slaying (right hand)
 Q - a +4 ring of protection
Wands
 l - a wand of paralysis (15)
 m - a wand of mindburst (2)
 u - a wand of polymorph (2)
 x - a wand of flame (41)
 U - a wand of iceblast (7)
 X - a wand of light (23)
Scrolls
 b - a scroll of silence {unknown}
 c - 5 scrolls of torment {unknown}
 d - 2 scrolls of acquirement {unknown}
 e - 6 scrolls of fog {unknown}
 j - 12 scrolls of identify {unknown}
 k - 9 scrolls of teleportation {unknown}
 n - 3 scrolls of immolation {unknown}
 s - a scroll of noise {unknown}
 y - 3 scrolls of magic mapping {unknown}
 z - 3 scrolls of fear {unknown}
 D - 2 scrolls of vulnerability {unknown}
 E - a scroll of poison {unknown}
 M - 4 scrolls of amnesia {unknown}
 O - 2 scrolls of enchant weapon {unknown}
 Z - 3 scrolls of blinking {unknown}
Potions
 f - 3 potions of flight
 h - 3 potions of invisibility
 i - 5 potions of lignification
 o - 4 potions of berserk rage {unknown}
 p - a potion of magic {unknown}
 t - 3 potions of cancellation {unknown}
 w - 15 potions of curing
 C - 3 potions of attraction {unknown}
 G - 9 potions of heal wounds {unknown}
 L - 8 potions of ambrosia
 P - 2 potions of haste
 R - 4 potions of resistance {unknown}
 V - 4 potions of mutation {unknown}
 W - 2 potions of might


   Skills:
 + Level 11.3 Fighting
 - Level 20.7 Axes
 + Level 16.5 Armour
 - Level 14.0 Dodging


You had 14 spell levels left.
You didn't know any spells.
Your spell library was empty.

Dungeon Overview and Level Annotations

Branches:
Dungeon (15/15)            Temple (1/1) D:5            Lair (5/5) D:9
 Shoals (0/4) Lair:3       Spider (0/4) Lair:3        Slime (0/5) Lair:4
    Orc (2/2) D:9             Elf (0/3) Orc:2
 Vaults: D:13-14     Depths: D:15

Altars:
Ashenzari
Cheibriados
Dithmenos
Elyvilon
Fedhas
Gozag
Hepliaklqana
Kikubaaqudgha
Makhleb
Nemelex Xobeh
Okawaru
Qazlal
Ru
Sif Muna
Trog
Uskayaw
Vehumet
Wu Jian
Xom
Yredelemnul
Zin
The Shining One
Jiyva

Shops:
D:6 ?   D:8 :   Orc:2 :[[![

Portals:
Trove: D:11 (give 17 potions of curing)

Annotations:
D:7 2 transporters, ioannis32's ghost, novice DsBe
D:10 4 transporters


Innate Abilities, Weirdness & Mutations

You have a pair of horns on your head.
You reflexively headbutt those who attack you in melee.
You sometimes lose your temper in combat.
Your body sometimes deteriorates upon taking damage.
Potions are less effective at restoring your health.


Message History

The wizard flickers and vanishes for a moment.
The vault guard hits you with a +0 great sword.
You nearly stumble into some deep water!
The yaktaur shoots a bolt.
The bolt hits you!!
The vault guard hits you with a +0 great sword!
The orc sorcerer mumbles some strange words.
You feel less confused.
The deep elf archer casts a spell.
The deep elf archer blinks!
The yaktaur shoots a bolt.
The bolt barely misses you.
The yaktaur shoots a bolt.
The bolt hits you!
* * * LOW HITPOINT WARNING * * *
The deep elf archer shoots an arrow.
The arrow hits you but does no damage.
The deep elf archer shoots an arrow.
The arrow hits you.
* * * LOW HITPOINT WARNING * * *
The neqoxec gestures at you.
Strange energies course through your body.
You feel yourself wasting away.
The human shoots a bolt.
The bolt hits you but does no damage.
The vault guard hits you with a +0 great sword!
* * * LOW HITPOINT WARNING * * *
The human shoots a bolt.
The bolt hits you but does no damage.
The deep elf archer shoots an arrow.
The arrow hits you.
* * * LOW HITPOINT WARNING * * *
The wizard attacks as you move away! The wizard closely misses you.
You furiously retaliate!
You headbutt the wizard!
The human shoots a bolt.
The bolt hits you.
* * * LOW HITPOINT WARNING * * *
The deep elf archer shoots an arrow.
The arrow closely misses you. The neqoxec gestures at you.
Something tries to feed on your intellect!
You feel yourself speed up. The wizard hits you but does no damage.
The vault guard hits you with a +0 great sword!
* * * LOW HITPOINT WARNING * * *
The red devil hits you from afar with a +0 trident.
* * * LOW HITPOINT WARNING * * *
Barbed spikes become lodged in your body.
The human shoots a bolt.
The bolt hits you but does no damage.
The barbs in your skin will harm you if you move.
Continue?
The barbed spikes dig painfully into your body as you move.
You die...

....##...# #...# #...##.......#
....##...# #...# #...##.......#
....###.c###'''###pp###.......#
.....≈≈≈≈≈≈~...~≈≈≈≈≈≈........#
.....~≈≈≈≈≈~...3≈≈≈≈≈~........#
....>.~≈≈≈~~...4≈≈≈≈~....##'####
...###.~~~~..opp~~~~.#...#.....#
)..#.........e......#....#.....#
...#...#.......#@...#....#.....#
...#.>.#.......#....#....#.....#
...#...#.......'....#....#...(.#
####...#.......#....#....#.....#
#....#.......#....#....#.....#
#....#.......#....##...#.....##
###'##.......##...##...#.......
###.....).[######...##...'.......
...........#...#.........#.......


You could see 2 vault guards, a deep elf archer (repels missiles), a wizard
(invisible), a human, a neqoxec (summoned), an orc sorcerer and a red devil
(summoned).

Vanquished Creatures
  Rupert (D:12)
  Gastronok (D:9)
  Azrael (D:14)
  A catoblepas (Lair:4)
  4 boulder beetles
  5 hydras
  4 centaur warriors
  Erica (D:9)
  An anaconda (Lair:5)
  A two-headed ogre (D:8)
  The ghost of enotiy the Cleaver, a journeyman GrFi (Orc:1)
  A death yak (Lair:5)
  4 tengu warriors (D:14)
  An orc high priest (Orc:1)
  Nergalle (Lair:3)
  Sonja (Orc:2)
  The ghost of BerneyBell the Cleaver, a novice HOFi of Nemelex Xobeh (D:6)
  4 skeletal warriors
  2 skysharks (Lair:5)
  8 ugly things
  2 deep elf pyromancers (D:14)
  2 manticores
  5 orc sorcerers
  3 cyclopes
  Maurice (D:11)
  A black mamba (Lair:1)
  8 elephants (Lair:5)
  2 gargoyles
  18 cane toads
  An unseen horror (D:12)
  3 rime drakes
  An efreet (D:13)
  A torpor snail (Lair:5)
  2 kobold demonologists (D:12)
  4 komodo dragons
  A queen bee (D:10)
  A queen bee (shapeshifter) (D:13)
  A meliai (Lair:3)
  6 polar bears
  4 trolls
  Grinder (D:6)
  8 hornets
  2 dream sheep (Lair:5)
  20 blink frogs
  6 slime creatures
  10 spriggans (Lair:5)
  3 wraiths
  A shadow (D:12)
  2 vampires
  2 fire elementals (D:14)
  A wyvern (Lair:5)
  14 yaks
  2 basilisks
  6 vampire mosquitoes
  3 wargs
  2 acid dragons
  2 hell hounds (D:14)
  18 water moccasins
  A hornet zombie (D:7)
  17 orc warriors
  5 black bears
  2 ice beasts
  9 ogres
  5 boggarts (Lair:5)
  13 centaurs
  21 wolves
  2 kobold brigands
  6 bullfrogs
  A gnoll sergeant (D:8)
  4 scorpions
  A wyvern zombie (D:7)
  11 wights
  46 killer bees
  An electric eel (Lair:5)
  2 centaur zombies (D:7)
  A bullfrog zombie (D:7)
  5 hounds
  19 orc priests
  A jelly (D:6)
  2 gnoll boudas
  Ijyb (D:3)
  An iguana (D:5)
  A sleepcap (D:4)
  49 orc wizards
  Terence (D:2)
  3 killer bee zombies (D:7)
  12 gnolls
  6 adders
  A shadow imp (D:7)
  2 white imps
  4 worms
  2 dart slugs
  77 orcs
  4 bats
  7 endoplasms
  4 giant cockroaches
  6 goblins
  4 hobgoblins
  3 jackals (D:2)
  16 kobolds
  3 quokkas (D:2)
  5 ball pythons
  2 frilled lizards (D:2)
  6 rats
609 creatures vanquished.

Vanquished Creatures (collateral kills)
  A hydra (D:13)
  A centaur warrior (D:13)
  3 spriggans (Lair:5)
  2 black bears (Lair:5)
  A killer bee (D:10)
  An orc priest (Orc:2)
  An orc wizard (Orc:2)
  An orc (Orc:2)
11 creatures vanquished.

Vanquished Creatures (others)
  A vampire mosquito (D:12)
  An orc wizard (Orc:2)
  An orc (Orc:2)
  33 fungi
  41 plants
  8 withered plants (D:7)
85 creatures vanquished.

Grand Total: 705 creatures vanquished

Notes
Turn   | Place    | Note
-------+----------+-------------------------------------------
     0 | D:1      | Dimez the Minotaur Berserker began the quest for the Orb.
     0 | D:1      | Reached XP level 1. HP: 19/19 MP: 0/0
   213 | D:1      | Reached XP level 2. HP: 27/27 MP: 1/1
   263 | D:1      | Reached skill level 4 in Axes
   963 | D:2      | Reached ** piety under Trog
   964 | D:2      | Reached XP level 3. HP: 33/33 MP: 2/2
  1088 | D:2      | Reached skill level 5 in Axes
  1099 | D:2      | Noticed Terence
  1111 | D:2      | Killed Terence
  1112 | D:2      | Reached XP level 4. HP: 34/38 MP: 3/3
  1323 | D:2      | Reached skill level 6 in Axes
  1635 | D:3      | Noticed Ijyb
  1647 | D:3      | Killed Ijyb
  1648 | D:3      | Reached XP level 5. HP: 35/46 MP: 4/4
  1692 | D:3      | Found a hazy altar of Hepliaklqana.
  2328 | D:4      | Reached skill level 7 in Axes
  2695 | D:4      | Reached XP level 6. HP: 51/52 MP: 5/5
  2698 | D:4      | Reached *** piety under Trog
  2848 | D:5      | Entered Level 5 of the Dungeon
  2857 | D:5      | Reached skill level 8 in Axes
  2860 | D:5      | Found a sacrificial altar of Ru.
  2860 | D:5      | Found a shadowy altar of Dithmenos.
  2957 | D:5      | Reached skill level 9 in Axes
  2991 | D:5      | Found a burning altar of Makhleb.
  3074 | D:5      | Found an opulent altar of Gozag.
  3080 | D:5      | Found a white marble altar of Elyvilon.
  3091 | D:5      | Found a staircase to the Ecumenical Temple.
  3100 | D:5      | Reached XP level 7. HP: 56/58 MP: 6/6
  3106 | Temple   | Entered the Ecumenical Temple
  3357 | D:5      | Reached skill level 10 in Axes
  3457 | D:5      | Found a stormy altar of Qazlal.
  3763 | D:6      | Noticed Grinder
  3764 | D:6      | Paralysed by Grinder for 4 turns
  3777 | D:6      | Paralysed by Grinder for 5 turns
  3787 | D:6      | Killed Grinder
  3788 | D:6      | Reached skill level 11 in Axes
  3788 | D:6      | Reached XP level 8. HP: 59/66 MP: 7/7
  3850 | D:6      | Reached skill level 12 in Axes
  3964 | D:6      | Noticed a hornet
  3966 | D:6      | Paralysed by a hornet for 3 turns
  3978 | D:6      | Killed a hornet
  4155 | D:6      | Reached skill level 13 in Axes
  4218 | D:6      | Found Urumma's Magic Scroll Shop.
  4391 | D:6      | Found a runed translucent door.
  4391 | D:6      | Noticed BerneyBell's ghost (novice HOFi)
  4727 | D:6      | Killed BerneyBell's ghost
  4728 | D:6      | Reached skill level 14 in Axes
  4728 | D:6      | Reached XP level 9. HP: 71/71 MP: 8/8
  5052 | D:7      | Reached skill level 5 in Fighting
  5070 | D:7      | Found a transporter.
  5116 | D:7      | Noticed ioannis32's ghost (novice DsBe)
  5152 | D:7      | Found a transporter.
  5152 | D:7      | Noticed a moth of wrath
  5284 | D:7      | Reached skill level 5 in Armour
  5289 | D:7      | Reached skill level 5 in Dodging
  5367 | D:7      | Reached **** piety under Trog
  5596 | D:7      | Reached XP level 10. HP: 81/84 MP: 9/9
  6146 | D:8      | Found Canagas's Book Shoppe.
  6255 | D:8      | Reached skill level 15 in Axes
  6877 | D:9      | Noticed a two-headed ogre
  6888 | D:8      | Killed a two-headed ogre
  6889 | D:8      | Reached skill level 16 in Axes
  6997 | D:9      | Found a staircase to the Lair.
  7161 | D:9      | Reached ***** piety under Trog
  7581 | D:9      | Found a staircase to the Orcish Mines.
  7633 | D:9      | Noticed Erica
  7646 | D:9      | Killed Erica
  7802 | D:9      | Reached XP level 11. HP: 54/94 MP: 3/10
  7995 | D:9      | Noticed Gastronok
  8011 | D:9      | Killed Gastronok
  8258 | D:10     | Entered Level 10 of the Dungeon
  9112 | D:10     | Found a transporter.
  9115 | D:10     | Found a transporter.
  9117 | D:10     | Found a transporter.
  9346 | D:10     | Found a transporter.
  9714 | Lair:1   | Entered Level 1 of the Lair of Beasts
  9937 | Lair:1   | Reached skill level 10 in Fighting
 10411 | Orc:1    | Entered Level 1 of the Orcish Mines
 10421 | Orc:1    | Noticed an orc sorcerer
 10429 | Orc:1    | Killed an orc sorcerer
 10534 | Orc:1    | Found a runed translucent gate.
 10535 | Orc:1    | Found a runed translucent gate.
 10536 | Orc:1    | Found a runed translucent gate.
 10539 | Orc:1    | Noticed enotiy's ghost (journeyman GrFi)
 10591 | Orc:1    | Received a gift from Trog
 10825 | Orc:1    | Reached skill level 10 in Armour
 11048 | Orc:1    | Found a shimmering blue altar of Sif Muna.
 11178 | Orc:1    | Killed enotiy's ghost
 11257 | Orc:2    | Entered Level 2 of the Orcish Mines
 11259 | Orc:2    | Found Xoneuf's Book Shoppe.
 11284 | Orc:2    | Found a staircase to the Elven Halls.
 11305 | Orc:2    | Noticed Sonja
 11895 | Orc:2    | Reached XP level 12. HP: 102/107 MP: 11/11
 11913 | Orc:2    | Noticed an orc high priest
 11926 | Orc:2    | Gained mutation: Potions are less effective at restoring
                  | your health. [a neqoxec]
 11943 | Orc:2    | Gained mutation: You sometimes lose your temper in combat.
                  | [a neqoxec]
 12079 | Orc:1    | Killed an orc high priest
 12130 | Orc:2    | Paralysed by an orc sorcerer for 3 turns
 12401 | Orc:2    | Reached skill level 17 in Axes
 12881 | D:11     | Noticed a boulder beetle
 12903 | D:11     | Killed a boulder beetle
 13113 | D:11     | Found a portal to a secret trove of treasure.
 13152 | D:11     | Reached skill level 18 in Axes
 13219 | D:11     | Noticed a boulder beetle
 13232 | D:11     | Killed a boulder beetle
 13506 | D:12     | Noticed Maurice
 13509 | D:12     | Noticed a centaur warrior
 13605 | D:11     | Killed a centaur warrior
 13609 | D:11     | Killed Maurice
 13890 | D:12     | Found a shadowy altar of Dithmenos.
 13948 | D:12     | Noticed Rupert
 13949 | D:12     | Paralysed by Rupert for 3 turns
 13967 | D:12     | Reached skill level 19 in Axes
 15466 | Lair:2   | Reached XP level 13. HP: 104/114 MP: 9/12
 15468 | Lair:2   | Reached skill level 20 in Axes
 16288 | Lair:3   | Found a staircase to the Shoals.
 16313 | Lair:3   | Noticed Nergalle
 16319 | Lair:3   | Killed Nergalle
 16680 | Lair:3   | Found a hole to the Spider Nest.
 17159 | Lair:3   | Found a broken altar of Ashenzari.
 17848 | Lair:4   | Found a viscous altar of Jiyva.
 17848 | Lair:4   | Found a staircase to the Slime Pits.
 17985 | Lair:4   | Reached skill level 10 in Dodging
 18112 | Lair:4   | You fall into a shaft and drop 1 floor!
 18112 | Lair:5   | Entered Level 5 of the Lair of Beasts
 18440 | Lair:5   | Paralysed by a hornet for 1 turns
 18472 | Lair:5   | Paralysed by a hornet for 3 turns
 19637 | Lair:5   | Reached XP level 14. HP: 122/122 MP: 11/13
 20153 | Lair:5   | Received a gift from Trog
 20510 | Lair:5   | Paralysed by a hornet for 1 turns
 21504 | D:12     | Killed Rupert
 21746 | D:12     | Reached skill level 15 in Armour
 25173 | D:14     | Noticed Azrael
 25197 | D:14     | Killed Azrael
 25661 | D:14     | Reached XP level 15. HP: 118/129 MP: 12/14
 25795 | D:15     | Entered Level 15 of the Dungeon
 26641 | Orc:2    | Killed Sonja
 26918 | Orc:2    | Found Rutriu Tuso's Armour Shoppe.
 26918 | Orc:2    | Found Emomueb's Armour Shoppe.
 26928 | Orc:2    | Found Ruobae's Antique Armour Emporium.
 26932 | Orc:2    | Found Rukku's Distillery.
 26949 | Orc:2    | Bought a +4 plate armour of fire resistance for 500 gold
                  | pieces
 26965 | Orc:2    | Bought an embroidered hat for 168 gold pieces
 27474 | D:14     | Gained mutation: Your body sometimes deteriorates upon
                  | taking damage. [a neqoxec]
 27478 | D:14     | Succumbed to barbed spike wounds

Illustrated notes

Levels and vault maps discovered:
D:1:      co_arrival_random_square_maze, layout_basic
D:2:      layout_loops_cross, uniq_terence
D:3:      layout_loops_cross, nzn_hepliaklqana_mist_gate, nicolae_wormholes,
          uniq_ijyb
D:4:      layout_basic, amcnicky_mini_rare_corridor_liquid
D:5:      layout_gridville, mainiacjoe_overflow_big_doors, kennysheep_mini,
          makhleb_blood_cavern_becter, gammafunk_temple_overflow_wave,
          minmay_temple_entry_sparse_star, kennysheep_nondescript
D:6:      layout_cave_pods, gammafunk_ghost_grave, serial_shops,
          nicolae_shop_rolled_up, minivault_23, uniq_grinder
D:7:      layout_rooms, gammafunk_ghost_berserking_beasts, serial_undead,
          serial_undead_f, serial_undead_e, serial_undead_a, serial_undead_c,
          serial_undead_b, serial_undead_d, serial_bayou_pond_e,
          amcnicky_mini_corridor_feature
D:8:      layout_cave_pods, serial_shops, shop, special_room [special_room_orc]
D:9:      layout_roguey, erik_lair_orcish_takeover, hiddenorc1_lemuel,
          uniq_erica, uniq_gastronok
D:10:     layout_loops_ring, special_room [special_room_bee], abandoned_shop,
          nicolae_diode_quadrants
D:11:     layout_roguey, nicolae_trove_entry_isolated, minmay_misc_feat_doors
D:12:     layout_long_grid, grunt_dithmenos_smoke_and_mirrors, uniq_maurice,
          uniq_rupert
D:13:     layout_basic, kennysheep_dice
D:14:     layout_gridville, grunt_vaults_entry_fortified,
          nicolae_twisting_strands, lemuel_flamethrower_3, uniq_azrael
D:15:     hangedman_depths_entry_try_elsewhere_first, layout_rooms,
          serial_shops, nicolae_shop_hallway_plus, shop,
          nicolae_shop_behind_doors, ashenzari_conservatory_becter, hex_large,
          minivault_22
Temple:   eino_wide_crystal_templ
Lair:1:   layout_regular_city, st_stairs_10, chequers_serial_rivers_micro_e
Lair:2:   layout_cave_pods
Lair:3:   layout_regular_city, minmay_shoals_entry_centaurs,
          hellmonk_spider_entry_not_the_bees, basic_altar, grunt_megastairs_5,
          lemuel_fruit_fields, serial_bayou_shore_b, uniq_nergalle
Lair:4:   layout_misc_corridors, slime_entry_1
Lair:5:   minmay_lair_end_enchanted_forest, layout_gridlike,
          serial_bayou_pond_b, minmay_shattered_shrine, serial_bayou_shore_b
Orc:1:    layout_diamond_mine, basic_altar, ebering_ghost_rock_garden,
          kennysheep_orc_sif_temple
Orc:2:    st_orc_mages, layout_diamond_mine, serial_shops,
          nicolae_book_shop_shelving, uniq_sonja

Skill      XL: |  1  2  3  4  5  6  7  8  9 10 11 12 13 14 |
---------------+-------------------------------------------+-----
Axes           | 4 5 6 7 9 11 14 16 19 20 | 20.7
Fighting       | 6 8 10 11 | 11.3
Armour         | 5 7 10 11 13 16 | 16.5
Dodging        | 5 6 9 11 14 | 14.0

Action                     |  1- 3 |  4- 6 |  7- 9 | 10-12 | 13-15 || total
---------------------------+-------+-------+-------+-------+-------++-------
  Melee: Hand axe          |    60 |   174 |   268 |     8 |       ||   510
         Headbutt          |    13 |    38 |    55 |   123 |   179 ||   408
         Punch             |       |     4 |     4 |     3 |       ||    11
         War axe           |       |       |       |   340 |       ||   340
         Battleaxe         |       |       |       |   290 |   673 ||   963
         Flail             |       |       |       |       |    27 ||    27
 Invoke: Berserk           |       |       |     4 |    20 |    11 ||    35
         Brothers in Arms  |       |       |       |     4 |     6 ||    10
    Use: Potion            |       |       |       |       |     6 ||     6
   Stab: Sleeping          |     1 |       |       |       |       ||     1
 Armour: Animal skin       |     2 |       |       |       |       ||     2
         Ring mail         |    29 |       |       |       |       ||    29
         Chain mail        |       |    86 |   126 |    37 |       ||   249
         Plate armour      |       |       |       |   388 |   376 ||   764
  Dodge: Dodged            |    29 |    75 |   120 |   287 |   401 ||   912
